 Dungeon Crawl Stone Soup version 0.31.0-12-g77e489cdc1 (webtiles) character file.

Game seed: 157559976848502466

82 Doomgape the Trooper (level 4, -1/29 HPs)
             Began as a Gargoyle Fighter on Mar 1, 2024.
             Slain by a hobgoblin (4 damage)
             ... led by Robin
             ... on level 2 of the Dungeon.
             The game lasted 00:01:30 (688 turns).

Doomgape the Trooper (Gargoyle Fighter)              Turns: 688, Time: 00:01:31

Health: -1/29      AC: 10    Str: 21    XL:     4   Next: 43%
Magic:  4/4        EV:  9    Int:  9    God:
Gold:   46         SH:  4    Dex:  9    Spells: 3/3 levels left

rFire   . . .        a - +0 flail
rCold   . . .        c - +0 buckler
rNeg    + . .        b - +0 scale mail
rPois   ∞            (no helmet)
rElec   +            (no cloak)
rCorr   .            (no gloves)
SInv    .            (no boots)
Will    +....        (no amulet) Stlth
                     (no ring)
HPRegen 0.24/turn    (no ring)
MPRegen 0.09/turn

%: no passive effects
@: brilliant, enlightened, flying, hasted, very quick
A: sickness immunity, AC +3, negative energy resistance 1, electricity
resistance, torment resistance 1, petrification resistance
a: no special abilities


You were on level 2 of the Dungeon.
You visited 1 branch of the dungeon, and saw 2 of its levels.

You collected 46 gold pieces.

Inventory:

Hand Weapons
 a - a +0 flail (weapon)
Armour
 b - a +0 scale mail (worn)
 c - a +0 buckler (worn)
Jewellery
 i - a ring of protection from fire
Scrolls
 e - a scroll of identify {unknown}
Potions
 d - a potion of might


   Skills:
 + Level 4.2 Fighting
 + Level 3.0 Maces & Flails
 + Level 4.1 Armour
 - Level 3.2 Shields


You had 3 spell levels left.
You didn't know any spells.
Your spell library was empty.

Dungeon Overview and Level Annotations

Branches:
Dungeon (2/15)

Altars:

Annotations:
D:2 Robin


Innate Abilities, Weirdness & Mutations

You are immune to sickness and miasma.
Your stone body is resilient. (AC +3)
You are immune to poison.
You resist negative energy. (rN+)
You are resistant to electric shocks. (rElec)
You are resistant to unholy torment.
You are immune to petrification.


Message History

You kill the goblin!
The goblin hits you but does no damage. The goblin closely misses you.
Unknown command.
You hit the goblin.
You kill the goblin!
The goblin no longer looks unusually strong.
The hobgoblin hits you.
* * * LOW HITPOINT WARNING * * *
You miss the hobgoblin.
The hobgoblin no longer looks unusually strong.
Robin laughs in a distinctly smug fashion.
Robin throws the goblin at you! The goblin hits you but does no damage.
You block the hobgoblin's attack.
Unknown command.
You sock the hobgoblin!
You kill the hobgoblin!
The hobgoblin no longer looks unusually strong.
Robin says, "Bow before me, strongest of all the hobgoblins!"
The goblin hits you but does no damage. Robin barely misses you.
The goblin hits you with a +0 club.
* * * LOW HITPOINT WARNING * * *
The hobgoblin hits you but does no damage.
It was a potion of brilliance.
You feel clever all of a sudden.
Robin roars a battlecry!
The hobgoblins go into a battle-frenzy!
The goblin barely misses you.
The hobgoblin hits you but does no damage.
It was a potion of haste.
You feel yourself speed up. Robin hits you but does no damage.
The goblin closely misses you. The hobgoblin hits you.
* * * LOW HITPOINT WARNING * * *
It was a potion of enlightenment.
You feel very buoyant.
You fly up into the air.
You completely miss the goblin. Robin barely misses you.
The hobgoblin barely misses you. The goblin hits you but does no damage.
Unknown command.
You closely miss the goblin. You block Robin's attack. The hobgoblin hits you.
You die...

......#############
......##..........#
......##..........#
......##..........#
......##..........#
......##..........# ####
......####.....####.....#
....#####..###.g)##.....#
.##...........##@##.....#
.##....##.....##g##.....# #
.##..####......gg.#....?#..
.##..#..........†.†......$#
.......#..[....#..#........
#.........######...........
..#..####.# #...........
###..# #.# ##.#........
#..## #.# ###.....#....


You could see Robin, 2 hobgoblins and a goblin.

Vanquished Creatures
  Jessica (D:2)
  2 adders (D:2)
  A dart slug (D:1)
  3 ball pythons
  4 bats
  An endoplasm (D:1)
  A giant cockroach (D:1)
  5 hobgoblins
  5 jackals
  A quokka (D:2)
  5 goblins (D:2)
  3 kobolds
  A rat (D:2)
33 creatures vanquished.

Notes
Turn   | Place    | Note
-------+----------+-------------------------------------------
     0 | D:1      | Doomgape the Gargoyle Fighter began the quest for the Orb.
     0 | D:1      | Reached XP level 1. HP: 14/14 MP: 1/1
   105 | D:1      | Reached XP level 2. HP: 19/19 MP: 2/2
   555 | D:2      | Reached XP level 3. HP: 24/24 MP: 3/3
   621 | D:2      | Noticed Jessica
   637 | D:2      | Killed Jessica
   638 | D:2      | Reached XP level 4. HP: 29/29 MP: 4/4
   653 | D:2      | Noticed Robin
   688 | D:2      | Slain by a hobgoblin

Illustrated notes

Levels and vault maps discovered:
D:1:      minmay_arrival_jagged, layout_basic
D:2:      layout_rooms, serial_shops, nicolae_shop_crystal, uniq_robin,
          uniq_jessica, uniq_sigmund

Skill      XL: |  1  2  3  4 |
---------------+-------------+-----
Fighting       | 4 |  4.2
Armour         | 4 |  4.1
Maces & Flails | 3 |  3.0
Shields        | |  3.2

Action                     |  1- 3 |  4- 6 || total
---------------------------+-------+-------++-------
  Melee: Flail             |    73 |    24 ||    97
    Use: Potion            |       |     3 ||     3
 Armour: Scale mail        |    66 |    34 ||   100
  Dodge: Dodged            |    45 |    16 ||    61
  Block: Buckler           |    25 |     7 ||    32
